 Dungeon Sprint DCSS version 0.31-a0-728-g01b46875f1 (webtiles) character file.

Game seed: 6558472126395211869

30 sircluck the Ruffian (level 3, 0/58 HPs)
             Began as a Troll Berserker on Sept 11, 2023.
             Was a Follower of Trog.
             Slain by a deep troll (11 damage)
             ... in the Dungeon (Sprint VII: "The Pits").
             The game lasted 00:00:06 (28 turns).

sircluck the Ruffian (Troll Berserker)                Turns: 28, Time: 00:00:07

Health: 0/58       AC:  4    Str: 27    XL:     3   Next: 3%
Magic:  2/2        EV: 10    Int:  3    God:    Trog [*.....]
Gold:   0          SH:  0    Dex:  9    Spells: 2/2 levels left

rFire   . .          .
                       - Unarmed
rCold   . . .        (no shield)
rNeg    . . .        a - +0 animal skin
rPois   .            (helmet restricted)
rElec   .            (no cloak)
rCorr   .            (gloves unavailable)
SInv    .            (boots unavailable)
Will    .....        (no amulet) Stlth
                     (no ring)
HPRegen 1.09/turn    (no ring)
MPRegen 0.08/turn

%: no teleportation
@: berserking (expiring), very quick
A: large, unfitting armour, claws 3, regeneration 1, shaggy fur 1, tough skin 1
a: Renounce Religion, Berserk


You were in the Dungeon.
You worshipped Trog.
Trog was aware of your devotion.
You visited 1 branch

Inventory:

Armour
 a - a +0 animal skin (worn)
Scrolls
 g - a scroll of blinking
Potions
 b - a potion of curing
 c - a potion of heal wounds
 d - a potion of haste
 e - 2 potions of magic
 f - a potion of berserk rage


   Skills:
 + Level 3.8 Fighting
 + Level 3.7 Dodging
 + Level 4.5 Unarmed Combat


You had 2 spell levels left.
You didn't know any spells.
Your spell library was empty.

Dungeon Overview and Level Annotations

Branches:
Dungeon (1/1)

Altars:


Innate Abilities, Weirdness & Mutations

You are too large for most types of armour.
You have claws for hands.
Your natural rate of healing is unusually fast.
You are covered in fur. (AC +1)
You have tough skin. (AC +1)


Message History

A hound comes into view.
The hound barks!
A deep troll comes into view.
There is a huge open gate to the Metal Vault (Medium) here.
The deep troll shouts!
The hound bites you.
A red film seems to cover your vision as you go berserk!
You feel yourself moving faster!
You feel mighty! The hound closely misses you.
You claw the hound!
The hound is heavily wounded.
The hound bites you.
You miss the hound.
The hound is heavily wounded.
The hound closely misses you.
You barely miss the hound.
The hound is heavily wounded.
The hound bites you.
You closely miss the hound.
The hound is heavily wounded.
The hound bites you but does no damage.
You claw the hound!
The hound is almost dead.
The hound bites you.
You mangle the hound!!
You kill the hound!
Trog accepts your kill.
A cyclops comes into view.
Your Fighting skill increases to level 3!
Your Dodging skill increases to level 3!
Your Unarmed Combat skill increases to level 4!
You have reached level 2!
You have reached level 3!
Your experience leads to an increase in your attributes!
Increase (S)trength, (I)ntelligence, or (D)exterity?
You feel stronger. x3
The cyclops shouts!
The deep troll bites you!! The deep troll claws you!
* * * LOW HITPOINT WARNING * * *
The deep troll claws you!
You die...

##########++######
#................#
#......#..#......#
#................+
+................+
#......#..#......#
#...@T...........#
####'#####C'######
#.......##''#
#.......##h.#
#.......##..#
#...<...##..#
#.......##T.#
#.......##..#
#.......##...


You could see a deep troll and a cyclops.

Vanquished Creatures
  A hound (D)
1 creature vanquished.

Notes
Turn   | Place    | Note
-------+----------+-------------------------------------------
     0 | D        | sircluck the Troll Berserker began the quest for the Orb.
     0 | D        | Reached XP level 1. HP: 22/22 MP: 0/0
    12 | D        | Noticed a hound
    12 | D        | Noticed a deep troll
    27 | D        | Killed a hound
    27 | D        | Noticed a cyclops
    28 | D        | Reached skill level 4 in Unarmed Combat
    28 | D        | Reached XP level 2. HP: 31/32 MP: 1/1
    28 | D        | Reached XP level 3. HP: 37/39 MP: 2/2
    28 | D        | Slain by a deep troll

Illustrated notes

Levels and vault maps discovered:
D:        pitsprint [storerooms_1, entrance_room_1, metal_vault_3, armoury_3,
          mini_pit_1, grid_room_1, main_hall_1, silver_pit, the_coven_1,
          the_vestibule_1, steel_vault_3, golden_pit, hallway_of_sentries,
          crystal_vault_4, iron_vault_2, final_vault]

Skill      XL: |  1 |
---------------+----+-----
Fighting       | 3 |  3.8
Dodging        | 3 |  3.7
Unarmed Combat | 4 |  4.5

Action                     || total
---------------------------++-------
  Melee: Unarmed           ||     6
 Invoke: Berserk           ||     1
 Armour: Animal skin       ||     8
  Dodge: Dodged            ||     2

Table legend: (Time is in decaauts)
 A = Elapsed time spent in this place.
 B = Non-inter-level travel time spent in this place.
 C = Inter-level travel time spent in this place.
 D = Time resting spent in this place.
 E = Time spent auto-exploring this place.
 F = Levels seen in this place.
 G = Mean time per level.
                   A        B        C        D        E       F      G
               +--------+--------+--------+--------+--------+-----+--------+
         Total |     25 |     25 |      0 |      0 |     12 |   1 |   25.0 |
       Dungeon |     25 |     25 |      0 |      0 |     12 |   1 |   25.0 |
               +--------+--------+--------+--------+--------+-----+--------+

Top non-repeatable levels by time:
       D: 25 daAuts
